 Dungeon Crawl Stone Soup version 0.28-a0-1594-ga885d4b3d6 (webtiles) character file.

Game seed: 3808557339695519899

672108 Anon1729 the Impregnable (level 27, -2/234 HPs)
             Began as a Minotaur Monk on Jan 20, 2022.
             Was a High Priest of Ignis.
             Killed by drain life
             ... invoked by a deathcap
             ... summoned by a curse toe
              (17 damage)
             ... on level 3 of the Realm of Zot.
             The game lasted 02:03:09 (83994 turns).

Anon1729 the Impregnable (Minotaur Monk)           Turns: 83994, Time: 02:03:10

Health: -2/234     AC: 42    Str: 38    XL:     27
Magic:  22/22      EV: 10    Int: 14    God:    Ignis [*****.]
Gold:   5823       SH: 23    Dex: 10    Spells: 26/26 levels left

rFire   + + +      SeeInvis +   a - +9 demon blade (freeze)
rCold   + + +      Faith    .   y - +2 shield of Resistance {rF++ rC++ Will++}
rNeg    . . .      Spirit   .   N - +6 crystal plate armour "Wer Fesm" {rElec Str+2}
rPois   +          Reflect  +   (helmet restricted)
rElec   +          Harm     .   I - scarf {repulsion}
rCorr   +          Rampage  .   t - +2 pair of gloves
Will    ++++.                   L - +0 pair of boots of Sif Muna's Outrage {+Inv rF+ rC+ rCorr}
Stlth   ..........              f - amulet of reflection
HPRegen 0.49/turn               M - ring of Agaipate {rElec rPois Str+6 Int+2}
MPRegen 0.18/turn               S - ring "Bufriywk" {Fly rPois Int+5 Dex-3 SInv}

@: flying, hasted, constricted, studying 2 skills, repel missiles, very quick
A: horns 2, retaliatory headbutt, frail 1, poison resistance, no potion heal 1
}: 4/15 runes: serpentine, barnacled, silver, abyssal
a: Renounce Religion, Evoke Invisibility, Fiery Armour, Foxfire Swarm


You were on level 3 of the Realm of Zot.
You worshipped Ignis.
Ignis was extremely pleased with you.
You visited 10 branches of the dungeon, and saw 47 of its levels.
You visited the Abyss 1 time.
You visited 1 bazaar.
You also visited: Trove, Ossuary, Bailey, Ice Cave, Volcano and Wizlab.

You collected 7185 gold pieces.
You spent 1362 gold pieces at shops.

Inventory:

Hand Weapons
 a - a +9 demon blade of freezing (weapon)
 b - a +4 scimitar of flaming
 G - a +2 eudemon blade of holy wrath
Missiles
 j - 18 curare-tipped darts (quivered)
Armour
 t - a +2 pair of gloves (worn)
 y - the +2 shield of Resistance (worn) {rF++ rC++ Will++}
   (You bought it in a shop on level 2 of the Orcish Mines)

   rF:        It greatly protects you from fire.
   rC:        It greatly protects you from cold.
   Will:      It greatly increases your willpower.
 A - a scarf of shadows
 I - a scarf of repulsion (worn)
 L - the +0 pair of boots of Sif Muna's Outrage (worn) {+Inv rF+ rC+ rCorr}
   (You acquired it on level 3 of the Snake Pit)

   rF:        It protects you from fire.
   rC:        It protects you from cold.
   +Inv:      It lets you turn invisible.
   rCorr:     It protects you from acid and corrosion.
 N - the +6 crystal plate armour "Wer Fesm" (worn) {rElec Str+2}
   (You acquired it on level 6 of the Lair of Beasts)

   Str:       It affects your strength (+2).
   rElec:     It insulates you from electricity.
Jewellery
 f - an amulet of reflection (around neck)
 h - the ring of Tempters {Will+ Str+4}
   (You found it in a treasure trove)

   [ring of willpower]

   Str:       It affects your strength (+4).
   Will:      It increases your willpower.
 p - the ring of Oneich {+Blink MP+9 Str+2}
   (You acquired it on level 6 of the Lair of Beasts)

   [ring of magical power]

   Str:       It affects your strength (+2).
   MP:        It affects your magic capacity (+9).
   +Blink:    It lets you blink.
 v - the ring "Winos" {rElec rF+ Dex+4}
   (You found it on level 2 of the Elven Halls)

   [ring of protection from fire]

   Dex:       It affects your dexterity (+4).
   rF:        It protects you from fire.
   rElec:     It insulates you from electricity.
 M - the ring of Agaipate (left hand) {rElec rPois Str+6 Int+2}
   (You found it on level 3 of the Shoals)

   [ring of strength]

   Str:       It affects your strength (+6).
   Int:       It affects your intelligence (+2).
   rElec:     It insulates you from electricity.
   rPois:     It protects you from poison.
 O - the ring "Marroum" {Ice rN++}
   (You found it in an ice cave)

   [ring of ice]

   It enhances your ice magic.
   rF:        It makes you vulnerable to fire.
   rC:        It protects you from cold.
   rN:        It greatly protects you from negative energy.
 Q - the ring "Koetep" {Ice Int+6 Dex+6}
   (You found it on level 6 of the Lair of Beasts)

   [ring of ice]

   It enhances your ice magic.
   Int:       It affects your intelligence (+6).
   Dex:       It affects your dexterity (+6).
   rF:        It makes you vulnerable to fire.
   rC:        It protects you from cold.
 S - the ring "Bufriywk" (right hand) {Fly rPois Int+5 Dex-3 SInv}
   (You took it off a deep elf sorcerer on level 3 of the Elven Halls)

   [ring of poison resistance]

   Int:       It affects your intelligence (+5).
   Dex:       It affects your dexterity (-3).
   rPois:     It protects you from poison.
   SInv:      It lets you see invisible.
   Fly:       It grants you flight.
Wands
 l - a wand of flame (50)
 q - a wand of charming (15)
 H - a wand of digging (18)
 T - a wand of paralysis (22)
 U - a wand of acid (17)
 W - a wand of iceblast (21)
Scrolls
 c - 3 scrolls of brand weapon
 e - 13 scrolls of immolation
 k - 7 scrolls of fog
 r - 5 scrolls of vulnerability
 z - 14 scrolls of enchant armour
 C - 9 scrolls of fear
 E - 14 scrolls of teleportation
 R - 8 scrolls of amnesia
 V - 6 scrolls of magic mapping
 X - 5 scrolls of silence
Potions
 g - 12 potions of mutation
 i - 4 potions of haste
 m - 8 potions of attraction
 n - 3 potions of invisibility
 o - 17 potions of brilliance
 s - 6 potions of lignification
 u - 7 potions of berserk rage
 B - a potion of cancellation
 D - 3 potions of resistance
 F - 5 potions of magic
 J - 7 potions of curing
 P - 3 potions of might
Miscellaneous
 d - a tin of tremorstones (1/2)
 w - a condenser vane (inert)
 Y - a phial of floods
 Z - a box of beasts


   Skills:
 + Level 24.2 Fighting
 + Level 24.2 Long Blades
 + Level 25.3 Armour
 - Level 15.0 Dodging
 - Level 12.6 Stealth
 + Level 23.9 Shields
 + Level 14.8 Evocations


You had 26 spell levels left.
You didn't know any spells.
Your spell library contained the following spells:

 Spells                   Type           Power      Damage    Failure   Level
 Foxfire                  Conj/Fire      0%         2x1d4     80%         1
 Freeze                   Ice            0%         1d3       80%         1
 Magic Dart               Conj           0%         1d3       80%         1
 Pain                     Necr           0%         1d4       80%         1
 Shock                    Conj/Air       0%         1d3       80%         1
 Slow                     Hex            0%         N/A       80%         1
 Sting                    Tmut/Pois      0%         1d3       80%         1
 Blink                    Tloc           0%         N/A       91%         2
 Call Imp                 Summ           0%         N/A       91%         2
 Corpse Rot               Necr/Air       0%         N/A       91%         2
 Ensorcelled Hibernation  Hex/Ice        0%         N/A       91%         2
 Passwall                 Tmut/Erth      0%         N/A       91%         2
 Poisonous Vapours        Pois/Air       0%         N/A       91%         2
 Static Discharge         Conj/Air       0%         N/A       91%         2
 Call Canine Familiar     Summ           0%         N/A       99%         3
 Confusing Touch          Hex            0%         N/A       99%         3
 Dazzling Flash           Conj/Hex       0%         N/A       99%         3
 Frozen Ramparts          Ice            0%         1d2       99%         3
 Gell's Gravitas          Tloc           0%         N/A       99%         3
 Lesser Beckoning         Tloc           0%         N/A       99%         3
 Mephitic Cloud           Conj/Pois/Air  0%         N/A       99%         3
 Portal Projectile        Hex/Tloc       0%         N/A       99%         3
 Spider Form              Tmut/Pois      0%         N/A       99%         3
 Stone Arrow              Conj/Erth      0%         3d7       99%         3
 Summon Guardian Golem    Hex/Summ       0%         N/A       99%         3
 Swiftness                Air            0%         N/A       99%         3
 Teleport Other           Tloc           0%         N/A       99%         3
 Vampiric Draining        Necr           0%         2d6       99%         3
 Anguish                  Hex/Necr       0%         N/A       100%        4
 Animate Armour           Summ/Erth      0%         N/A       100%        4
 Flame Wave               Conj/Fire      0%         2d4       100%        4
 Fulminant Prism          Conj/Hex       0%         3d6       100%        4
 Hailstorm                Conj/Ice       0%         3d3       100%        4
 Ice Form                 Ice/Tmut       0%         N/A       100%        4
 Iskenderun's Mystic Bla  Conj/Tloc      0%         2d3       100%        4
 Leda's Liquefaction      Hex/Erth       0%         N/A       100%        4
 Olgreb's Toxic Radiance  Pois           0%         N/A       100%        4
 Summon Ice Beast         Ice/Summ       0%         N/A       100%        4
 Summon Lightning Spire   Summ/Air       0%         N/A       100%        4
 Agony                    Necr           0%         N/A       100%        5
 Blade Hands              Tmut           0%         N/A       100%        5
 Excruciating Wounds      Necr           0%         N/A       100%        5
 Fireball                 Conj/Fire      0%         3d3       100%        5
 Freezing Cloud           Conj/Ice/Air   0%         6-21      100%        5
 Iskenderun's Battlesphe  Conj           0%         2d6       100%        5
 Lee's Rapid Deconstruct  Erth           0%         3d5*      100%        5
 Lightning Bolt           Conj/Air       0%         1d11      100%        5
 Manifold Assault         Tloc           0%         N/A       100%        5
 Summon Forest            Summ/Tloc      0%         N/A       100%        5
 Conjure Ball Lightning   Conj/Air       0%         3x3d6     100%        6
 Eringya's Noxious Bog    Tmut/Pois      0%         N/A       100%        6
 Iron Shot                Conj/Erth      0%         9d1       100%        6
 Simulacrum               Ice/Necr       0%         N/A       100%        6
 Starburst                Conj/Fire      0%         6d3       100%        6
 Haunt                    Necr/Summ      0%         N/A       100%        7
 Orb of Destruction       Conj           0%         9d5       100%        7
 Ozocubu's Refrigeration  Ice            0%         4d5       100%        7
 Spellforged Servitor     Conj/Summ      0%         N/A       100%        7
 Storm Form               Tmut/Air       0%         N/A       100%        7
 Summon Hydra             Summ           0%         N/A       100%        7
 Discord                  Hex            0%         N/A       100%        8
 Disjunction              Tloc           0%         N/A       100%        8
 Lehudib's Crystal Spear  Conj/Erth      0%         10d2      100%        8
 Maxwell's Capacitive Co  Air            0%         ∞         100%        8
 Summon Horrible Things   Summ           0%         N/A       100%        8
 Chain Lightning          Conj/Air       0%         N/A       100%        9
 Fire Storm               Conj/Fire      0%         5d1       100%        9
 Polar Vortex             Ice            0%         N/A       100%        9
 Shatter                  Erth           0%         3d5*      100%        9


Dungeon Overview and Level Annotations

Branches:
Dungeon (15/15)            Temple (1/1) D:7            Lair (6/6) D:10
 Shoals (4/4) Lair:4        Snake (4/4) Lair:4        Slime (0/5) Lair:5
    Orc (2/2) D:9             Elf (3/3) Orc:2        Vaults (5/5) D:13
  Crypt (0/3) Vaults:2     Depths (4/4) D:15            Zot (2/5) Depths:4
Ossuary (visited)          Bailey (visited)           IceCv (visited)
Volcano (visited)          WizLab (visited)

Altars:
Ashenzari
Cheibriados
Dithmenos
Elyvilon
Fedhas
Gozag
Hepliaklqana
Kikubaaqudgha
Okawaru
Qazlal
Ru
Trog
Uskayaw
Vehumet
Xom
Yredelemnul
The Shining One
Beogh
Ignis
Jiyva

Shops:
D:3 (   D:8 *   D:13 (   Orc:1 [   Orc:2 ([:*   Elf:1 (   Snake:2 *
Vaults:1 (:!=(   Vaults:2 *   Vaults:3 (   Depths:3 :=

Portals:
Hell: Depths:1 Depths:2 Depths:3 Depths:4
Abyss: Depths:3
Pandemonium: Depths:2
Ziggurat: Depths:1

Annotations:
Lair:5 1 runed translucent door
Elf:2 3 runed translucent doors
Elf:3 2 transporters, benappo's ghost, adept DjCj


Innate Abilities, Weirdness & Mutations

You have a pair of horns on your head.
You reflexively headbutt those who attack you in melee.
You are frail. (-10% HP)
Your system is resistant to poisons. (rPois)
Potions are less effective at restoring your health.


Message History

You block the white draconian's attack.
The black draconian is engulfed in freezing vapours.
Your system partially rejects the healing.
You feel better.
The curse toe is engulfed in freezing vapours.
The curse toe calls on the powers of darkness!
The purple draconian convulses!
Your body is wracked with pain!
* * * LOW HITPOINT WARNING * * *
The black draconian convulses!
The white draconian convulses!
The black draconian convulses!
The tentacled monstrosity is engulfed in freezing vapours.
The tentacled monstrosity tentacle-slaps you but does no damage. x2
You block the tentacled monstrosity's attack.
The tentacled monstrosity constricts you.
The wandering mushroom is engulfed in freezing vapours.
The deathcap is engulfed in freezing vapours.
You block the deathcap's attack.
The wandering mushroom is engulfed in freezing vapours.
The black draconian is engulfed in freezing vapours.
The black draconian seems to slow down.
You kill the black draconian!
The purple draconian is engulfed in freezing vapours.
You kill the purple draconian!
The wandering mushroom is engulfed in freezing vapours.
The white draconian is engulfed in freezing vapours.
The white draconian breathes frost at you.
The blast of cold hits you but does no damage.
Your system partially rejects the healing.
You feel better.
The black draconian is engulfed in freezing vapours.
The tentacled monstrosity is engulfed in freezing vapours.
The tentacled monstrosity tentacle-slaps you but does no damage.
You block the tentacled monstrosity's attack.
The tentacled monstrosity tentacle-slaps you but does no damage.
The tentacled monstrosity constricts you.
The curse toe is engulfed in freezing vapours.
The wandering mushroom is engulfed in freezing vapours. x2
The deathcap is engulfed in freezing vapours.
The deathcap draws from the surrounding life force!
You die...

,* *,,,,,,,,,,,,,,,,,,,,,* ,*
*.}............,,,,,,,* ,*
*#.............,,,,,,,* ,*
#....................# ,**
#....§§§.............# ,,*
#....§§§§............# ,,*
#...§§§f§.*..........# ,,*
##..§§ddf#***#........# ,,*
*##...§fX@#* *#.......# ,,**
***.....§§§## *#......##
,,,***,,......§f.# ##..>....#
,,,**,,,......§§.#* ##........#
,,,,,,,,......§§..#####..........
,,,,,,,,............##q..........
,,,,,,,,........☼d.f..f.......###
,,,,,,,,.##.....°.............#
,,,,,,,,**##.....?..ff.......##


You could see a tentacled monstrosity, a black draconian, a white draconian
(catching breath), a deathcap (summoned) and 3 wandering mushrooms.

Vanquished Creatures
  A dread lich (Vaults:4)
  2 orbs of fire
  Mennas (Depths:4)
  An ancient lich (Vaults:5)
  3 juggernauts (Depths:3)
  Boris (Vaults:5)
  Saint Roka (Elf:2)
  5 caustic shrikes (Depths:3)
  8 golden dragons
  Jory (Depths:3)
  Nikola (D:13)
  A bone dragon (Depths:1)
  the Enchantress (Depths:3)
  An electric golem (Zot:1)
  The ghost of Peaklydgh the Slayer, an adept MiFi of Okawaru (Shoals:3)
  Rupert (D:14)
  8 tentacled monstrosities
  A walking crystal tome (Zot:1)
  Jorgrun (D:12)
  A walking earthen tome (Zot:1)
  4 liches
  8 titans
  3 deep elf master archers (Elf:3)
  8 quicksilver dragons
  Asterion (Depths:1)
  3 deep elf blademasters
  An Executioner (WizLab)
  4 death cobs
  4 sphinxes
  A kraken (Shoals:2)
  5 shadow dragons
  17 tengu reavers
  3 tentacled starspawn (Abyss:3)
  2 azure jellies (IceCv)
  3 draconian monks
  Donald (Elf:2)
  8 storm dragons
  4 nagarajas
  9 fire giants
  6 deep elf sorcerers
  8 iron dragons
  A ghost moth (Abyss:3)
  2 narguns (Zot:1)
  A draconian scorcher (Zot:2)
  6 frost giants
  15 vault wardens
  2 draconian shifters (Zot:2)
  6 orc warlords
  Louise (D:14)
  Aizul (Snake:1)
  4 deep elf elementalists (Elf:3)
  21 ironbound preservers
  6 spriggan defenders
  2 draconian annihilators
  4 war gargoyles
  A draconian stormcaller (Zot:2)
  15 stone giants
  33 very ugly things
  4 vampire knights
  5 deep elf demonologists
  3 ironbound thunderhulks (Vaults:1)
  6 green draconians
  9 deep elf annihilators
  4 yellow draconians
  5 black draconians
  2 entropy weavers (Abyss:3)
  11 dire elephants
  3 white draconians (Zot:2)
  6 red draconians
  7 purple draconians
  3 spark wasps (Depths:2)
  The ghost of anonymous the Covert, a journeyman NaGl of Cheibriados (D:10)
  A green death (WizLab)
  15 ettins
  A blizzard demon (Depths:1)
  An eidolon (Abyss:2)
  5 fire dragons
  8 deep elf death magi
  6 merfolk javelineers
  Snorg (D:14)
  9 merfolk impalers
  A great orb of eyes (shapeshifter) (Vaults:5)
  A spectral kraken (Shoals:3)
  5 deep elf high priests
  Erolcha (Orc:2)
  8 great orbs of eyes
  16 hydras
  15 yaktaur captains
  2 salamander tyrants (Snake:4)
  A rakshasa (Depths:1)
  4 catoblepae
  8 ironbound frosthearts
  2 merfolk avatars
  10 naga warriors
  10 spriggan air magi
  7 centaur warriors
  7 ice dragons
  A caustic shrike simulacrum (Depths:1)
  2 hell beasts (Depths:1)
  2 peacekeepers (Vaults:3)
  28 vault guards
  Erica (D:11)
  9 boulder beetles
  A juggernaut simulacrum (Depths:2)
  A death knight (Vaults:2)
  7 anacondas
  3 ogre magi
  A satyr (shapeshifter) (Vaults:5)
  2 alligator snapping turtles (Shoals:4)
  10 two-headed ogres
  34 dancing weapons
  3 satyrs
  4 tengu warriors
  8 deep troll shamans
  4 merfolk aquamancers
  12 death yaks
  10 deep troll earth magi
  6 shock serpents
  A vampire mage (Vaults:2)
  11 spriggan berserkers
  15 deep elf knights
  Sonja (D:11)
  6 hell knights
  A thrashing horror (Abyss:2)
  10 naga sharpshooters
  2 sun demons (WizLab)
  3 salamander mystics
  7 skeletal warriors
  3 wretched stars
  6 iron trolls
  2 sea snakes (shapeshifter)
  A shadow demon (Abyss:3)
  3 flayed ghosts
  2 large abominations (Abyss:2)
  A golden dragon zombie (Depths:2)
  2 glowing orange brains
  15 sea snakes
  80 deep trolls
  3 lindwurms
  5 naga ritualists
  24 ironbound convokers
  4 necromancers
  13 wizards
  15 deep elf archers
  30 deep elf zephyrmancers
  17 orc knights
  43 deep elf pyromancers
  Pikel (D:3)
  27 harpies
  An orc sorcerer (Orc:1)
  A wolf spider zombie (D:11)
  12 fauns
  16 cyclopes
  An oklob plant (Lair:4)
  64 ugly things
  5 moths of wrath (Zot:2)
  A worldbinder (Abyss:3)
  2 cyclopes (shapeshifter)
  7 mana vipers
  2 spectral centaurs (D:11)
  8 salamanders
  7 manticores
  3 stone giant skeletons
  17 elephants
  A stone giant zombie (Depths:1)
  2 toenail golems (Volcano)
  A fire giant skeleton (Depths:2)
  A sphinx skeleton (Depths:1)
  4 guardian serpents
  An ice statue (IceCv)
  16 vault sentinels
  A frost giant skeleton (Depths:2)
  39 black mambas
  7 merfolk sirens
  2 torpor snails
  2 molten gargoyles (Volcano)
  A water nymph (shapeshifter) (D:15)
  2 apocalypse crabs
  12 naga magi
  13 cane toads
  2 orange demons
  5 smoke demons
  A gargoyle (D:12)
  4 rime drakes
  2 unseen horrors
  12 komodo dragons
  A komodo dragon (shapeshifter) (Elf:1)
  A freezing wraith (D:15)
  38 yaktaurs
  4 efreet
  3 tormentors
  5 tengu conjurers
  2 entropy weaver simulacra (IceCv)
  2 hellwings (Depths:2)
  An ice devil (Depths:2)
  28 merfolk
  4 trolls
  2 ancient zymes
  5 wind drakes
  A troll (shapeshifter) (Vaults:5)
  9 hornets
  17 snapping turtles
  22 blink frogs
  A frost giant simulacrum (Depths:1)
  5 raiju
  15 dream sheep
  A harpy skeleton (Abyss:2)
  26 slime creatures
  4 polar bears
  Prince Ribbit (Bailey)
  A flying skull (Abyss:3)
  5 air elementals
  A centaur simulacrum (D:11)
  7 spriggans
  31 starcursed masses
  2 shadows (D:9)
  An ettin skeleton (Depths:1)
  19 water elementals
  Sigmund (D:6)
  A ynoxinul (Abyss:3)
  4 wyverns
  2 wraiths (D:8)
  40 yaks
  10 fire elementals
  3 basilisks
  17 humans
  A chaos spawn (Depths:2)
  3 vampire mosquitoes
  2 neqoxecs
  3 steam dragons
  Menkaure (Ossuary)
  3 small abominations
  6 wargs
  5 spectral snapping turtles (Shoals:3)
  2 acid dragons
  4 demonic crawler simulacra (IceCv)
  28 water moccasins
  23 nagas
  A human skeleton (Depths:1)
  A swamp drake (Orc:1)
  Duvessa (D:6)
  5 black bears
  50 orc warriors
  2 ice beasts
  3 sky beasts
  A spriggan simulacrum (Depths:1)
  5 ogres
  7 centaurs
  2 ugly thing simulacra (IceCv)
  4 boggarts (Vaults:2)
  23 wolves
  A centaur (shapeshifter) (Elf:3)
  A lemure (D:6)
  2 kobold brigands
  27 bullfrogs
  A gnoll sergeant (D:8)
  3 earth elementals
  A scorpion (D:6)
  A wyvern zombie (D:7)
  6 glowing shapeshifter simulacra (IceCv)
  Dowan (D:6)
  12 killer bees
  12 wights
  2 electric eels (D:15)
  6 howler monkeys
  8 crimson imps
  A bullfrog zombie (D:5)
  3 centaur zombies
  A jelly (D:7)
  6 hounds
  32 orc priests
  2 iron imps
  Natasha (thrice) (D:4)
  33 orc wizards
  3 iguanas
  A hell rat (Lair:2)
  A killer bee zombie (D:9)
  A hound skeleton (D:4)
  3 mummies (Ossuary)
  A howler monkey zombie (D:10)
  10 adders
  2 gnolls (Bailey)
  4 shadow imps
  7 white imps
  3 ufetubi
  A worm (D:3)
  6 dart slugs
  95 orcs
  6 bats
  7 endoplasms
  A gnoll zombie (Ossuary)
  14 goblins
  6 hobgoblins
  4 jackals (D:1)
  13 kobolds
  3 quokkas
  3 ball pythons
  4 frilled lizards
  4 gnoll skeletons (Ossuary)
  3 goblin skeletons (Ossuary)
  4 goblin zombies (Ossuary)
  A hobgoblin skeleton (Ossuary)
  5 hobgoblin zombies (Ossuary)
  6 kobold skeletons (Ossuary)
  2 kobold zombies (Ossuary)
  5 orc skeletons (Ossuary)
  8 orc zombies (Ossuary)
  2 rats
  6 rat skeletons (Ossuary)
  5 rat zombies (Ossuary)
  A spectral orc (D:6)
  3 fire vortices (Volcano)
  A lurking horror (Abyss:3)
2209 creatures vanquished.

Vanquished Creatures (collateral kills)
  A ynoxinul (WizLab)
1 creature vanquished.

Vanquished Creatures (others)
  A ghost moth (Zot:2)
  A deep elf annihilator (Elf:3)
  Nessos (D:12)
  A centaur warrior (D:14)
  A satyr (Shoals:3)
  A thrashing horror (Abyss:3)
  A deep elf knight (Elf:2)
  A wizard (Vaults:2)
  A deep elf pyromancer (Elf:3)
  A deep elf zephyrmancer (Elf:3)
  A large abomination (Abyss:3)
  3 small abominations (Abyss:3)
  A demonic crawler simulacrum (IceCv)
  A jelly (Abyss:2)
  2 demonic plants (D:2)
  12 foxfires (Zot:3)
  42 fungi
  A lurking horror (Abyss:3)
  73 plants
  2 starspawn tentacles (Abyss:3)
  8 tentacles
  2 withered plants (D:2)
158 creatures vanquished.

Grand Total: 2368 creatures vanquished

Notes
Turn   | Place    | Note
-------+----------+-------------------------------------------
     0 | D:1      | Anon1729 the Minotaur Monk began the quest for the Orb.
     0 | D:1      | Reached XP level 1. HP: 19/19 MP: 0/0
   118 | D:1      | Reached XP level 2. HP: 25/27 MP: 1/1
   389 | D:1      | You fall into a shaft and drop 1 floor!
   681 | D:2      | Reached XP level 3. HP: 30/33 MP: 2/2
   715 | D:2      | Found a hazy altar of Hepliaklqana.
   747 | D:2      | Found a faded altar of an unknown god.
   756 | D:2      | Prayed at the altar of an unknown god.
   756 | D:2      | Became a worshipper of Ignis, the Dying Flame
   756 | D:2      | Reached ****** piety under Ignis
  1637 | D:3      | Reached XP level 4. HP: 18/40 MP: 3/3
  1829 | D:3      | Found Jeqetalle's Antique Weapon Shop.
  2209 | D:3      | Found an opulent altar of Gozag.
  2440 | D:4      | Noticed Pikel
  2440 | D:4      | Noticed a lemure
  2440 | D:4      | Noticed a lemure
  2441 | D:4      | Noticed a lemure
  2442 | D:4      | Noticed a lemure
  2665 | D:3      | Killed Pikel
  2666 | D:3      | Reached skill level 5 in Fighting
  2666 | D:3      | Reached skill level 5 in Long Blades
  2666 | D:3      | Reached skill level 5 in Dodging
  2666 | D:3      | Reached XP level 5. HP: 28/50 MP: 4/4
  2666 | D:3      | Reached XP level 6. HP: 32/57 MP: 5/5
  2666 | D:3      | Reached XP level 7. HP: 35/62 MP: 6/6
  3136 | D:4      | Found a shadowy altar of Dithmenos.
  3468 | D:4      | Noticed Natasha
  3487 | D:4      | Killed Natasha
  4104 | D:4      | Noticed Natasha
  4108 | D:4      | Killed Natasha
  4879 | D:5      | Entered Level 5 of the Dungeon
  4884 | D:6      | Noticed a two-headed ogre
  5029 | D:5      | Reached XP level 8. HP: 31/71 MP: 7/7
  5471 | D:5      | Identified the +5 ring mail "Hoodeosh" {Rampage Dex+3}
  5696 | D:4      | Noticed Natasha
  5703 | D:4      | Killed Natasha
  5969 | D:6      | Reached skill level 5 in Stealth
  6406 | D:6      | Noticed Grinder
  6559 | D:6      | Noticed Grinder
  6559 | D:6      | Grinder changed into Grinder the lemure
  6571 | D:6      | Killed Grinder the lemure
  6619 | D:6      | Noticed Duvessa
  6634 | D:6      | Noticed Dowan
  6658 | D:6      | Killed Duvessa
  6659 | D:6      | Reached skill level 1 in Shields
  6665 | D:6      | Killed Dowan
  6809 | D:6      | Found a hide-covered altar of Uskayaw.
  6809 | D:6      | Noticed a +0 hand axe
  6809 | D:6      | Noticed a +0 hand axe
  6811 | D:6      | Noticed Sigmund
  6828 | D:6      | Killed Sigmund
  6829 | D:6      | Reached XP level 9. HP: 70/81 MP: 8/8
  7009 | D:6      | Noticed a torpor snail
  7009 | D:6      | a two-headed ogre changed into a torpor snail
  7046 | D:6      | Killed a torpor snail
  7500 | D:6      | Found a basalt altar of Yredelemnul.
  7579 | D:7      | Found a staircase to the Ecumenical Temple.
  7599 | D:7      | Found a sand-covered staircase.
  7605 | Ossuary  | Entered an ossuary
  7777 | Ossuary  | Noticed Menkaure
  7786 | Ossuary  | Killed Menkaure
  8250 | D:7      | Paralysed by a hornet for 1 turns
  8266 | Temple   | Entered the Ecumenical Temple
  8856 | D:8      | Found a hazy altar of Hepliaklqana.
  8926 | D:8      | Found a broken altar of Ashenzari.
  9075 | D:8      | Found a glowing golden altar of the Shining One.
  9180 | D:8      | Found a flagged portal.
  9189 | Bailey   | Entered a bailey
  9606 | Bailey   | Reached XP level 10. HP: 76/91 MP: 9/9
  9755 | Bailey   | Noticed a vault guard
  9755 | Bailey   | Noticed Prince Ribbit
  9766 | Bailey   | Noticed a vault guard
  9883 | Bailey   | Killed a vault guard
 10450 | Bailey   | Killed Prince Ribbit
 10489 | Bailey   | Killed a vault guard
 10490 | Bailey   | Reached skill level 10 in Fighting
 10490 | Bailey   | Reached skill level 10 in Long Blades
 11058 | D:8      | Noticed a red ugly thing
 11067 | D:8      | Killed a red ugly thing
 11468 | D:8      | Found Igeasoith's Serpentskin Sales.
 11659 | D:8      | Reached XP level 11. HP: 65/101 MP: 10/10
 12249 | D:9      | Found a staircase to the Orcish Mines.
 12292 | D:9      | Found a sacrificial altar of Ru.
 12659 | D:9      | Reached skill level 10 in Dodging
 12729 | D:9      | Noticed a two-headed ogre
 13394 | D:9      | Killed a two-headed ogre
 14189 | D:10     | Entered Level 10 of the Dungeon
 14323 | D:10     | Found a snail-covered altar of Cheibriados.
 14430 | D:10     | Noticed a two-headed ogre
 14437 | D:10     | Killed a two-headed ogre
 14673 | D:10     | Found a blossoming altar of Fedhas.
 14673 | D:10     | Noticed a two-headed ogre
 14679 | D:10     | Killed a two-headed ogre
 14746 | D:10     | Identified the +3 war axe of the Shore {venom, Dex+8}
 14964 | D:10     | Found a staircase to the Lair.
 15098 | D:10     | Found an iron altar of Okawaru.
 15098 | D:10     | Found a stormy altar of Qazlal.
 15098 | D:10     | Found a bloodstained altar of Trog.
 15372 | D:11     | Found a runed translucent gate.
 15373 | D:11     | Found a runed translucent gate.
 15379 | D:11     | Found a runed translucent gate.
 15405 | D:11     | Noticed Erica
 15412 | D:11     | Killed Erica
 15913 | D:11     | Noticed Sonja
 15924 | D:11     | Killed Sonja
 15925 | D:11     | Reached XP level 12. HP: 98/106 MP: 11/11
 16411 | D:11     | Noticed anonymous's ghost (journeyman NaGl)
 16574 | D:10     | Killed anonymous's ghost
 17487 | D:12     | Noticed Nessos
 17493 | D:12     | Killed Nessos
 17521 | D:12     | Found a frozen archway.
 17549 | IceCv    | Entered an ice cave
 18195 | IceCv    | Reached skill level 10 in Stealth
 18669 | IceCv    | Found a viscous altar of Jiyva.
 18669 | IceCv    | Noticed an azure jelly
 18682 | IceCv    | Killed an azure jelly
 18685 | IceCv    | Noticed an azure jelly
 18775 | IceCv    | Killed an azure jelly
 18865 | IceCv    | Identified the ring "Marroum" {Ice rN++}
 19075 | D:12     | Reached XP level 13. HP: 112/122 MP: 12/12
 19227 | D:12     | Noticed Jorgrun
 19250 | D:12     | Killed Jorgrun
 19850 | Lair:1   | Entered Level 1 of the Lair of Beasts
 20121 | Lair:1   | Found a dark tunnel.
 20137 | Volcano  | Entered a volcano
 22429 | Lair:2   | Reached XP level 14. HP: 77/133 MP: 13/13
 22434 | Lair:2   | Reached skill level 15 in Long Blades
 22447 | Lair:2   | Reached skill level 15 in Fighting
 24114 | Lair:4   | Identified the +7 ring mail of Space {rF+ Int+4 Dex-4}
 24388 | Lair:4   | Found a staircase to the Shoals.
 24415 | Lair:4   | Found a staircase to the Snake Pit.
 26190 | Lair:5   | Found a runed translucent door.
 26190 | Lair:5   | Found a viscous altar of Jiyva.
 26197 | Lair:5   | Found a staircase to the Slime Pits.
 26579 | Lair:6   | Entered Level 6 of the Lair of Beasts
 27447 | Lair:6   | Reached skill level 15 in Dodging
 27648 | Lair:6   | Reached XP level 15. HP: 142/144 MP: 14/14
 27653 | Lair:6   | Identified 2 scrolls of acquirement
 27656 | Lair:6   | Acquired the ring of Oneich {+Blink MP+9 Str+2}
 27658 | Lair:6   | Acquired the +6 crystal plate armour "Wer Fesm" {rElec
                  | Str+2}
 27738 | Lair:6   | Reached skill level 1 in Armour
 27778 | Lair:6   | Reached skill level 2 in Armour
 27836 | Lair:6   | Reached skill level 3 in Armour
 27940 | Lair:6   | Reached skill level 4 in Armour
 28071 | Lair:6   | Reached skill level 5 in Armour
 28266 | Lair:6   | Reached skill level 6 in Armour
 28324 | Lair:6   | Reached skill level 7 in Armour
 28548 | Lair:6   | Reached skill level 8 in Armour
 28781 | Lair:6   | Identified the ring "Koetep" {Ice Int+6 Dex+6}
 29015 | Orc:1    | Entered Level 1 of the Orcish Mines
 29015 | Orc:1    | Found a transporter.
 29099 | Orc:1    | Found a transporter.
 29102 | Orc:1    | Noticed an orc warlord
 29173 | Orc:1    | Found Bitaisk's Antique Armour Emporium.
 29438 | Orc:1    | Identified the +0 robe "Zeux" {rPois Will- Int+4 Dex+3}
 29439 | Orc:1    | Identified the -2 hat of Asuxifeeni {SInv}
 29603 | Orc:2    | Entered Level 2 of the Orcish Mines
 29610 | Orc:2    | Noticed an orc warlord
 29634 | Orc:2    | Killed an orc warlord
 29635 | Orc:2    | Reached skill level 9 in Armour
 29676 | Orc:2    | Noticed Erolcha
 29834 | Orc:2    | Killed Erolcha
 30004 | Orc:2    | Found Gublaimyw's General Store.
 30488 | Orc:2    | Reached skill level 10 in Armour
 30659 | Orc:2    | Noticed an orc warlord
 30694 | Orc:2    | Killed an orc warlord
 30888 | Orc:2    | Found Osototaydu's Antique Weapon Emporium.
 30890 | Orc:2    | Found River's Antique Armour Shoppe.
 30897 | Orc:2    | Bought the +2 shield of Resistance {rF++ rC++ Will++} for
                  | 1362 gold pieces
 30897 | Orc:2    | Found the +2 shield of Resistance {rF++ rC++ Will++}
 31026 | Orc:2    | Found a staircase to the Elven Halls.
 31162 | Orc:2    | Found Dysaivie's Book Shop.
 31401 | Orc:1    | Reached skill level 11 in Armour
 31401 | Orc:1    | Reached skill level 5 in Shields
 31753 | Orc:1    | Killed an orc warlord
 31855 | Elf:1    | Entered Level 1 of the Elven Halls
 32099 | Elf:1    | Got the Collected Works on Conjuration
 32148 | Elf:1    | Reached skill level 12 in Armour
 32747 | Elf:1    | Reached XP level 16. HP: 144/151 MP: 15/15
 33363 | Elf:1    | Found Tuuge's Antique Weapon Boutique.
 34001 | Elf:2    | Reached skill level 13 in Armour
 34224 | Elf:2    | Noticed a Hell Sentinel
 34275 | Elf:2    | Reached skill level 10 in Shields
 34601 | Elf:2    | Reached skill level 14 in Armour
 34814 | Elf:2    | Identified the ring "Winos" {rElec rF+ Dex+4}
 35415 | Elf:2    | Found a runed translucent gate.
 35426 | Elf:2    | Found a runed translucent gate.
 35427 | Elf:2    | Found a runed translucent gate.
 35527 | Elf:2    | Noticed Saint Roka
 35579 | Elf:2    | Killed Saint Roka
 35580 | Elf:2    | Reached skill level 15 in Armour
 35690 | Elf:2    | Noticed a deep elf blademaster
 36152 | Elf:2    | Killed a deep elf blademaster
 36390 | Elf:2    | Reached XP level 17. HP: 149/157 MP: 16/16
 36638 | Elf:2    | Noticed Donald
 36657 | Elf:2    | Killed Donald
 36658 | Elf:2    | Reached skill level 16 in Armour
 36883 | Elf:3    | Entered Level 3 of the Elven Halls
 36996 | Elf:3    | Found a transporter.
 37001 | Elf:3    | Noticed benappo's ghost (adept DjCj)
 37002 | Elf:3    | Found a transporter.
 37013 | Elf:3    | Paralysed by an air elemental for 1 turns
 37216 | Elf:3    | Noticed an Ice Fiend
 37768 | Elf:3    | Paralysed by an air elemental for 1 turns
 38049 | Elf:3    | Reached skill level 17 in Armour
 38940 | Elf:3    | Identified the +8 trident of the Skies Above {spect,
                  | Fragile rF++ Int+4}
 38940 | Elf:3    | Identified the ring "Bufriywk" {Fly rPois Int+5 Dex-3 SInv}
 39024 | Elf:3    | Reached skill level 15 in Shields
 39027 | Elf:3    | Identified the +7 mace of the Equator {flame, rC++ Int-2}
 39036 | Elf:3    | Noticed a Brimstone Fiend
 39064 | Elf:3    | Identified the +10 short sword "Eriruom" {protect, rN+
                  | Dex+3}
 39171 | Elf:3    | Noticed a deep elf master archer
 39176 | Elf:3    | Noticed a deep elf blademaster
 39176 | Elf:3    | Killed a deep elf master archer
 39194 | Elf:3    | Killed a deep elf blademaster
 39195 | Elf:3    | Noticed a deep elf blademaster
 39221 | Elf:3    | Noticed a deep elf master archer
 39225 | Elf:3    | Killed a deep elf master archer
 39704 | Elf:3    | Killed a deep elf blademaster
 39705 | Elf:3    | Reached skill level 18 in Armour
 39787 | Elf:3    | Noticed a deep elf master archer
 39790 | Elf:3    | Killed a deep elf master archer
 39793 | Elf:3    | Got the Guide on Necromancy and the Blaze
 39802 | Elf:3    | Got the Compendium of Supportive Feathers
 39819 | Elf:3    | Identified the +4 hunting sling of Duku {flame, +Blink
                  | rCorr Str-3}
 39969 | Elf:3    | Identified the +8 dagger of Ybreuc {freeze, Int+3}
 40232 | Shoals:1 | Entered Level 1 of the Shoals
 40985 | Shoals:1 | Reached XP level 18. HP: 168/168 MP: 17/17
 43354 | Shoals:3 | Found a transporter.
 43363 | Shoals:3 | Found a transporter.
 43364 | Shoals:3 | Noticed Peaklydgh's ghost (adept MiFi)
 44649 | Shoals:3 | Killed Peaklydgh's ghost
 44665 | Shoals:3 | Identified the ring of Agaipate {rElec rPois Str+6 Int+2}
 44814 | Shoals:4 | Entered Level 4 of the Shoals
 44830 | Shoals:4 | Reached skill level 19 in Armour
 46237 | Shoals:4 | HP: 8/166 [merfolk javelineer/javelin (8)]
 47289 | Shoals:4 | Got a barnacled rune of Zot
 47545 | Snake:1  | Entered Level 1 of the Snake Pit
 48145 | Snake:1  | Reached XP level 19. HP: 172/179 MP: 18/18
 48224 | Snake:1  | Noticed Aizul
 48238 | Snake:1  | Killed Aizul
 49151 | Snake:2  | Found Peweop's Gadget Gallery.
 49802 | Snake:3  | Found a hazy altar of Hepliaklqana.
 50213 | Snake:3  | Acquired the +0 pair of boots of Sif Muna's Outrage {+Inv
                  | rF+ rC+ rCorr}
 50617 | Snake:4  | Entered Level 4 of the Snake Pit
 50665 | Snake:4  | Reached skill level 20 in Armour
 51809 | Snake:4  | Got a serpentine rune of Zot
 52938 | D:13     | Found a gate to the Vaults.
 53412 | D:13     | Found Akuut's Firing Range.
 53542 | D:14     | Noticed Rupert
 53549 | D:14     | Killed Rupert
 53601 | D:14     | Noticed Louise
 53619 | D:14     | Killed Louise
 53739 | D:14     | Noticed Snorg
 53749 | D:14     | Killed Snorg
 53853 | D:14     | Found a sacrificial altar of Ru.
 54140 | D:15     | Entered Level 15 of the Dungeon
 54178 | D:15     | Reached XP level 20. HP: 184/191 MP: 19/19
 54194 | D:15     | Reached skill level 1 in Evocations
 54294 | D:15     | Found a staircase to the Depths.
 54609 | D:15     | Found a huge runed gate.
 54609 | D:15     | Found a huge runed gate.
 54609 | D:15     | Found a huge runed gate.
 54609 | D:15     | Found a huge runed gate.
 54609 | D:15     | Found a huge runed gate.
 54609 | D:15     | Found a huge runed gate.
 54609 | D:15     | Found a huge runed gate.
 54609 | D:15     | Found a huge runed gate.
 54609 | D:15     | Found a huge runed gate.
 54609 | D:15     | Found a huge runed gate.
 54619 | D:15     | Found a huge runed gate.
 54619 | D:15     | Found a huge runed gate.
 54619 | D:15     | Found a huge runed gate.
 54619 | D:15     | Found a huge runed gate.
 54619 | D:15     | Found a huge runed gate.
 54619 | D:15     | Found a huge runed gate.
 54620 | D:15     | Found a huge runed gate.
 54621 | D:15     | Found a huge runed gate.
 54622 | D:15     | Found a huge runed gate.
 54630 | D:15     | Found a huge runed gate.
 54630 | D:15     | Found a huge runed gate.
 54630 | D:15     | Found a huge runed gate.
 54630 | D:15     | Found a huge runed gate.
 54630 | D:15     | Found a huge runed gate.
 54630 | D:15     | Found a huge runed gate.
 54631 | D:15     | Found a huge runed gate.
 54632 | D:15     | Found a huge runed gate.
 54633 | D:15     | Found a huge runed gate.
 54643 | D:15     | Found a huge runed gate.
 54643 | D:15     | Found a huge runed gate.
 54643 | D:15     | Found a huge runed gate.
 54643 | D:15     | Found a huge runed gate.
 54643 | D:15     | Found a huge runed gate.
 54643 | D:15     | Found a huge runed gate.
 54644 | D:15     | Found a huge runed gate.
 54645 | D:15     | Found a huge runed gate.
 55439 | D:15     | Identified the +2 quarterstaff of Vejyeci {antimagic, rC++
                  | Dex+3}
 55510 | Vaults:1 | Entered Level 1 of the Vaults
 55510 | Vaults:1 | Noticed Nikola
 55627 | D:13     | Killed Nikola
 56109 | Vaults:1 | Reached skill level 21 in Armour
 56555 | Vaults:1 | Found Miapokh's Weapon Emporium.
 56570 | Vaults:1 | You are sucked into a shaft and drop 1 floor!
 58155 | Vaults:2 | Found Moaroere's Assorted Antiques.
 58288 | Vaults:2 | Reached skill level 5 in Evocations
 59183 | Vaults:2 | Found a staircase to the Crypt.
 59358 | Vaults:1 | Reached XP level 21. HP: 197/198 MP: 20/20
 59563 | Vaults:1 | Found Laghud Hic's Weapon Emporium.
 60028 | Vaults:1 | Found Caicier's Jewellery Boutique.
 60089 | Vaults:1 | Found Ycziet's Distillery.
 60521 | Vaults:1 | Found Xacefaol's Book Shoppe.
 60809 | Vaults:3 | Found a magical portal.
 60843 | WizLab   | Entered Doroklohe's Tomb
 61701 | Vaults:3 | Reached skill level 22 in Armour
 62836 | Vaults:3 | Found Qoaw's Weapon Shoppe.
 63768 | Vaults:4 | Reached XP level 22. HP: 163/213 MP: 21/21
 64208 | Vaults:4 | Reached XP level 23. HP: 220/220 MP: 22/22
 65716 | Depths:1 | Entered Level 1 of the Depths
 65842 | Depths:1 | Found a one-way gateway to a ziggurat.
 65869 | Depths:1 | Found a gateway to Hell.
 65926 | Depths:1 | Noticed Asterion
 65942 | Depths:1 | Found a flickering gateway to a bazaar.
 65951 | Bazaar   | Entered a bazaar
 65951 | Bazaar   | Found Alotal's Antique Armour Boutique.
 65951 | Bazaar   | Found Ipeap's Weapon Shop.
 65951 | Bazaar   | Found Zoopioc's Weapon Shop.
 66272 | Depths:1 | Killed Asterion
 67070 | Depths:1 | Found a radiant altar of Vehumet.
 67478 | Depths:2 | Reached skill level 23 in Armour
 67558 | Depths:2 | Reached skill level 10 in Evocations
 68212 | Depths:2 | Found a portal to a secret trove of treasure.
 68725 | Depths:2 | Found a one-way gate leading to the halls of Pandemonium.
 69088 | Depths:2 | You paid a toll of 6 scrolls of fog to enter a treasure
                  | trove
 69089 | Trove    | Entered a treasure trove
 69100 | Trove    | Identified the ring "Agracal" {rC+ MP+9}
 69117 | Trove    | Identified the amulet "Hun Viupn" {RegenMP Str-3 Int+4
                  | Stlth+}
 69126 | Trove    | Identified the ring of Tempters {Will+ Str+4}
 69296 | Depths:3 | Noticed a juggernaut
 69319 | Depths:3 | Killed a juggernaut
 69751 | Depths:3 | Noticed a juggernaut
 69754 | Depths:3 | Noticed a caustic shrike
 69755 | Depths:3 | Noticed a juggernaut
 69755 | Depths:3 | Noticed a caustic shrike
 69755 | Depths:3 | Noticed a caustic shrike
 69755 | Depths:3 | Noticed a caustic shrike
 69756 | Depths:3 | Noticed a caustic shrike
 69772 | Depths:3 | Noticed the Enchantress
 69806 | Depths:3 | Killed the Enchantress
 70044 | Depths:3 | Reached XP level 24. HP: 89/230 MP: 22/22
 70551 | Depths:3 | Killed a juggernaut
 70888 | Depths:3 | You are sucked into a shaft and drop 1 floor!
 70888 | Depths:4 | Entered Level 4 of the Depths
 72090 | Depths:4 | Found an ancient bone altar of Kikubaaqudgha.
 72102 | Depths:4 | Noticed Mennas
 72121 | Depths:4 | Killed Mennas
 72561 | Depths:4 | Found a gate to the Realm of Zot.
 73203 | Depths:3 | Identified the amulet "Vugimab" {Faith rPois Str+3 Dex+3
                  | Stlth+}
 73218 | Depths:3 | Identified the +4 triple sword of Hierch {pain, rF+ rC+
                  | rCorr}
 73253 | Depths:3 | Reached skill level 24 in Armour
 73425 | Depths:3 | Found a one-way gate to the infinite horrors of the Abyss.
 73510 | Depths:3 | Killed a juggernaut
 73663 | Depths:3 | Found Vaboh's Jewellery Shop.
 73666 | Depths:3 | Noticed Jory
 73669 | Depths:3 | Found Kajibb's Book Boutique.
 73680 | Depths:3 | Killed Jory
 74123 | D:12     | Identified the +1 robe of Uxijyor {Int+2}
 74700 | Vaults:5 | Entered Level 5 of the Vaults
 74706 | Vaults:5 | Noticed an ancient lich
 74713 | Vaults:5 | Cast into level 2 of the Abyss (vault guard)
 74838 | Abyss:2  | Found a corrupted altar of Lugonu.
 75056 | Abyss:2  | Found a corrupted altar of Lugonu.
 75057 | Abyss:2  | Paralysed by accursed screaming for 1 turns
 75263 | Abyss:3  | Found a burning altar of Makhleb.
 75326 | Abyss:3  | Found a burning altar of Makhleb.
 75534 | Abyss:3  | Reached XP level 25. HP: 58/214 MP: 3/22
 75534 | Abyss:3  | Reached XP level 26. HP: 61/223 MP: 3/22
 75534 | Abyss:3  | Got an abyssal rune of Zot
 75982 | Vaults:5 | Escaped the Abyss
 77138 | Vaults:5 | Noticed a dread lich
 77288 | Vaults:4 | Killed a dread lich
 77542 | Vaults:5 | Reached XP level 27. HP: 158/242 MP: 22/22
 78188 | Vaults:5 | Identified the +6 long sword of Law {speed, Fly rC- rN+}
 78205 | Vaults:5 | Killed an ancient lich
 78554 | Vaults:5 | Noticed Boris
 78568 | Vaults:5 | Killed Boris
 78617 | Vaults:5 | Got the Reference Book on the Icy Voyage
 78834 | Vaults:5 | Found the +4 skin of Zhor {*Englaciate rC+++ SInv}
 78852 | Vaults:5 | Got a silver rune of Zot
 79071 | Vaults:5 | Identified the ring "Epatuh" {rPois Str+3 Dex+4}
 79098 | Vaults:5 | Identified the +9 dire flail "Cesuopil" {elec, rPois}
 79785 | Zot:1    | Entered Level 1 of the Realm of Zot
 79835 | Zot:1    | Noticed an orb of fire
 79851 | Zot:1    | Gained mutation: Potions are less effective at restoring
                  | your health. [an orb of fire]
 79855 | Zot:1    | Gained mutation: Armour fits poorly on your strangely
                  | shaped body. [an orb of fire]
 79870 | Zot:1    | Gained mutation: You tend to lose your temper in combat.
                  | [an orb of fire]
 79875 | Zot:1    | Killed an orb of fire
 79878 | Zot:1    | Lost mutation: Armour fits poorly on your strangely shaped
                  | body. [potion of mutation]
 79878 | Zot:1    | Lost mutation: Potions are less effective at restoring your
                  | health. [potion of mutation]
 79878 | Zot:1    | Lost mutation: You tend to lose your temper in combat.
                  | [potion of mutation]
 79878 | Zot:1    | Gained mutation: Your mind is acute. (Int +2) [potion of
                  | mutation]
 79878 | Zot:1    | Gained mutation: Your system is resistant to poisons.
                  | (rPois) [potion of mutation]
 80178 | Zot:1    | Identified the +8 double sword of Gozag's Displeasure
                  | {vorpal, rF+ Int+4 Dex-2 Stlth+}
 80209 | Zot:1    | Identified the +6 double sword of the Omega Point {elec,
                  | Fragile Str+9}
 81232 | Zot:2    | Reached skill level 25 in Armour
 81794 | Zot:2    | Noticed an orb of fire
 81797 | Zot:2    | Lost mutation: Your mind is acute. (Int +2) [an orb of
                  | fire]
 81809 | Zot:2    | Gained mutation: Potions are less effective at restoring
                  | your health. [an orb of fire]
 81811 | Zot:2    | Gained mutation: You are frail. (-10% HP) [an orb of fire]
 81815 | Zot:2    | Killed an orb of fire
 83935 | Zot:2    | You are sucked into a shaft and drop 1 floor!
 83993 | Zot:3    | HP: 10/234 [??? (8)]
 83994 | Zot:3    | Killed from afar by a deathcap

Illustrated notes

Levels and vault maps discovered:
D:1:      beargit_arrival_greenhouse, layout_loops_ring, serial_forest,
          infiniplex_forest_clump_curved, infiniplex_forest_straight_1,
          infiniplex_forest_zigzag_1, infiniplex_forest_lined_corner,
          infiniplex_forest_lined_3, infiniplex_forest_lined_room_2,
          infiniplex_forest_zigzag_1
D:2:      minmay_chambers_of_twos, layout_rooms, basic_altar,
          shapermc_ecumenical_altar_gd
D:3:      layout_rooms, grunt_gozag_breadcrumbs, serial_shops, shop_fountains,
          hangedman_decor_clover_reticule, hangedman_abyss_or_decor_stabs
D:4:      layout_basic, mainiacjoe_overflow_chevrons, kennysheep_generic_room_2,
          uniq_natasha, uniq_pikel
D:5:      layout_rooms
D:6:      layout_basic, yredelemnul_forgotten_temple_becter,
          dancing_weapons_uskayaw, serial_aquarium, aquarium_bridge_long_joined
          [aquarium_subvault_wall, aquarium_subvault_bridge,
          aquarium_subvault_bridge, aquarium_subvault_bridge,
          aquarium_subvault_bridge, aquarium_subvault_wall],
          aquarium_window_corridor_1, aquarium_window_1, aquarium_window_fake,
          aquarium_window_fake, aquarium_view_2b, aquarium_view_2a,
          uniq_sigmund, uniq_duvessa, uniq_grinder
D:7:      layout_cave_pools, minmay_temple_entry_junction,
          lightli_ossuary_entry_decrepit_ruins, hangedman_decor_opposing
D:8:      minmay_ornate_pinched, layout_basic, old_standard_altar,
          general_overflow_altar, old_standard_altar, enter_bailey_3,
          grunt_ministairs_15, guppyfry_shop_venom
D:9:      layout_basic, mainiacjoe_overflow_boulevard, orc_0_dummy,
          minmay_fractal_squares_diagonal_5
D:10:     layout_basic, minitemple, mainiacjoe_overflow_catwalk,
          lair_entry_dummy
D:11:     layout_loops_ring, gammafunk_ghost_necromancy, minmay_nine_imps,
          uniq_erica, uniq_sonja
D:12:     layout_loops_ring, portal_ice_cave_rime, uniq_jorgrun, uniq_nessos
D:13:     layout_basic, david_vaults_3, nicolae_shop_firing_range
D:14:     layout_rooms, nicolae_ru_sacrificial_ziggurat, hex_intersection,
          minivault_19, uniq_rupert, uniq_snorg, uniq_louise
D:15:     grunt_enter_depths_giant_problem, layout_basic,
          chequers_serial_rivers_room_a, door_vault
Temple:   dpeg_three_leaves_temple
Lair:1:   layout_roguey, enter_volcano_1
Lair:2:   nzn_winding_woodlands_large [nzn_winding_woodlands_5x5_open_star,
          nzn_winding_woodlands_5x15_concentric,
          nzn_winding_woodlands_5x5_cross, nzn_winding_woodlands_center_lodge,
          nzn_winding_woodlands_15x15_killbox,
          nzn_winding_woodlands_center_triple_pond,
          nzn_winding_woodlands_5x5_three,
          nzn_winding_woodlands_5x15_pathside_ponds,
          nzn_winding_woodlands_5x5_closed_star], layout_small_grid,
          gauntlet_entry_generic
Lair:3:   layout_loops_ring, st_stairs_7
Lair:4:   layout_hall_layers, shoals_dummy_entry,
          minmay_snake_entry_six_corridors, grunt_megastairs_5
Lair:5:   layout_regular_city, slime_altar_2
Lair:6:   grunt_lair_end_beastmaster, layout_cave_pods, grunt_megastairs_1
Shoals:1: nicolae_shoals_island_circles, layout_shoals
Shoals:2: layout_shoals
Shoals:3: cheibrodos_shoals_satyrical_garden, layout_shoals,
          ebering_ghost_davey_jones, st_cyclops
Shoals:4: shoals_end_simple, layout_shoals, nicolae_shoals_arrival_archipelago
Snake:1:  layout_cave_shapes, uniq_aizul
Snake:2:  layout_concentric_octagons, st_stairs_13, nicolae_shop_gadgets
Snake:3:  layout_misc_corridors, basic_altar
Snake:4:  hellmonk_snake_rune_quicksilver_temple, layout_misc_corridors,
          grunt_megastairs_3
Orc:1:    gammafunk_beogh_shrine, layout_caves, serial_shops,
          nicolae_shop_hallway_plus, hangedman_minor_magic
Orc:2:    grunt_orc_community_town_hall, layout_caves,
          grunt_orc_community_big_house_2, grunt_orc_community_big_house_1,
          grunt_orc_community_house_3, grunt_orc_community_house_1,
          grunt_orc_community_house_1, grunt_orc_community_house_2, uniq_erolcha
Elf:1:    eino_elf_arrival_the_gate, layout_loops_corners, serial_shops, shop,
          minmay_elf_annihilation, dk_noncrumbling_2
Elf:2:    elven_hall_of_blades_hangedman_original
          [nicolae_blade_entry_diamond_columns], layout_geoelf_grid,
          special_room [special_room_orc], uniq_donald, uniq_saint_roka
Elf:3:    minmay_elf_hall_statues, layout_geoelf_grid, gammafunk_ghost_arena
Vaults:1: nicolae_vaults_network_s, nicolae_vaults_asterisk,
          hangedman_vaults_hat, v_misc_11, nicolae_vaults_back_hallway,
          v_alt_pattern_2, hangedman_vaults_nodes, nicolae_vaults_angled_halls,
          nicolae_vaults_big_angled_halls, vaults_room_grid,
          nicolae_vaults_little_squares_4, v_misc_18,
          nicolae_vaults_fighting_squares, layout_vaults_omnibox, serial_shops,
          nicolae_shop_bloodbath_and_beyond, shop,
          nicolae_shop_competitors_out_of_business, shop,
          nicolae_shop_advertising_works [nicolae_subvault_shop_adworks],
          uniq_nikola
Vaults:2: st_more_cells, ontoclasm_vaults_hangar, v_misc_16, v_misc_12,
          vaults_room_door_ring, vaults_mumra_minichess,
          ontoclasm_vaults_ligature, nicolae_vaults_mini_display_case,
          layout_vaults_omnigrid, minmay_crypt_entry_simple_box, serial_shops,
          shop_coins
Vaults:3: infiniplex_enter_wizlab_water, nicolae_vaults_inception_corners,
          vaults_dpeg_spiral, vaults_room_stairs_pillars, v_misc_31,
          hangedman_vaults_stretched_pinwheel, v_pattern_5,
          hangedman_vaults_pinch, hangedman_vaults_stream, vaults_mumra_hex,
          ontoclasm_vaults_decontamination, st_lattice,
          layout_vaults_chaotic_city, serial_shops, shop
Vaults:4: nicolae_vaults_asterisk, v_rooms_2, vaults_room_hallway,
          nicolae_vaults_bisected_exclaves, nicolae_vaults_ninety_degrees,
          vaults_room_ringed_pool, nicolae_vaults_ring_of_whatevers, v_misc_10,
          v_misc_4, serial_ice_h, v_pattern_2, vaults_mumra_chevron,
          vaults_room_pools, layout_vaults_omnicross
Vaults:5: serial_shops, uniq_boris
Depths:1: layout_gridlike, enter_ziggurat_e, serial_shops, bzr_entry_water,
          grunt_mini_vestibule, serial_sigils_hangedman_gut,
          fiery_altar_vehumet, uniq_asterion
Depths:2: minmay_the_grid_plus [minmay_the_grid_expand,
          minmay_the_grid_minigrid_medium, minmay_the_grid_minigrid_small,
          minmay_the_grid_aliased_spiral, minmay_the_grid_prize_inner_circle],
          layout_gridlike, rand_demon_pan_entry_9, nicolae_trove_entry_columns,
          serial_rivers, chequers_serial_rivers_small_b,
          chequers_serial_rivers_small_3, chequers_serial_rivers_micro_d,
          chequers_serial_rivers_large_b, chequers_serial_rivers_micro_d,
          hell_entry, grunt_decor_cap
Depths:3: grunt_arcs, layout_honeycomb, hell_entry, minmay_strange_pillars,
          abyss_entry, infiniplex_staircase_zigzag_3, minmay_shoptagon,
          uniq_enchantress, uniq_jory
Depths:4: grunt_zot_entry_gee_three, layout_cave_shapes,
          nicolae_kikubaaqudgha_miasma_corner, grunt_hell_entry_dis_mu,
          serial_bayou_shore_b, uniq_mennas
Zot:1:    layout_gridlike, nicolae_rock_paper_scissors
Zot:2:    nicolae_moth_party, layout_misc_corridors,
          hangedman_zot_decor_scrapings, grunt_megastairs_2
Zot:3:    layout_cathedral_of_symmetry, hangedman_elemental_grid_stream

Skill      XL: |  1  2  3  4  5  6  7  8  9 10 11 12 13 14 15 16 17 18 19 20 21 22 23 24 25 26 27 |
---------------+----------------------------------------------------------------------------------+-----
Fighting       | 4 5 6 7 9 10 12 13 14 16 17 19 20 21 22 23 24 | 24.2
Long Blades    | 4 5 6 7 9 10 12 13 14 16 17 19 20 21 22 23 24 | 24.2
Stealth        | 2 3 4 5 6 7 9 10 11 12 | 12.6
Dodging        | 5 6 7 8 9 11 12 13 15 | 15.0
Shields        | 1 4 7 12 15 17 18 19 20 21 22 23 | 23.9
Armour         | 12 15 18 19 20 21 22 23 24 25 | 25.3
Evocations     | 5 8 10 13 14 | 14.8

Action                   |  1- 3 |  4- 6 |  7- 9 | 10-12 | 13-15 | 16-18 | 19-21 | 22-24 | 25-27 || total
-------------------------+-------+-------+-------+-------+-------+-------+-------+-------+-------++-------
Melee: Falchion          |   106 |    50 |   545 |   305 |       |       |       |       |       ||  1006
       Headbutt          |    10 |     6 |   107 |   136 |   291 |   328 |   519 |   424 |   287 ||  2108
       Unarmed           |       |       |    22 |       |       |       |       |       |       ||    22
       Punch             |       |       |     3 |     9 |       |       |       |       |       ||    12
       Great sword       |       |       |       |   112 |       |       |       |       |       ||   112
       Scimitar          |       |       |       |   229 |    55 |       |       |       |       ||   284
       Demon blade       |       |       |       |     5 |  1206 |  1500 |  1842 |  1419 |   863 ||  6835
Throw: Dart              |       |       |       |     1 |     2 |       |       |     8 |       ||    11
Invok: Fiery Armour      |       |       |       |     1 |       |       |       |       |       ||     1
       Rising Flame      |       |       |       |       |       |       |       |       |     1 ||     1
       Foxfire Swarm     |       |       |       |       |       |       |       |       |     1 ||     1
Evoke: Wand              |       |       |    10 |     6 |     6 |     1 |     9 |     7 |       ||    39
       Tin of tremorston |       |       |       |       |       |       |     2 |     4 |     1 ||     7
       Box of beasts     |       |       |       |       |       |       |     1 |     2 |       ||     3
       Condenser vane    |       |       |       |       |       |       |       |     2 |     1 ||     3
  Use: Potion            |       |       |     7 |     4 |     1 |     3 |     4 |     6 |    12 ||    37
       Scroll            |       |       |     5 |     9 |    14 |     8 |    12 |     6 |     6 ||    60
 Stab: Sleeping          |     3 |     3 |    16 |     9 |    19 |       |       |       |       ||    50
       Distracted        |       |       |     1 |     4 |     2 |       |       |       |       ||     7
       Petrified         |       |       |       |       |     3 |       |       |       |       ||     3
       Petrifying        |       |       |       |       |     2 |       |       |       |       ||     2
       Held in net/web   |       |       |       |       |       |     1 |       |       |       ||     1
       Paralysed         |       |       |       |       |       |       |       |     1 |       ||     1
Armor: Robe              |    23 |     2 |       |       |       |       |       |       |       ||    25
       Plate armour      |       |    24 |    79 |       |       |       |       |       |       ||   103
       Skin              |       |       |     3 |       |       |       |       |       |       ||     3
       Ring mail         |       |       |   120 |   207 |   172 |       |       |       |       ||   499
       Crystal plate arm |       |       |       |       |   199 |   565 |   752 |   505 |   436 ||  2457
Dodge: Dodged            |    66 |    17 |   279 |   402 |   577 |   395 |   475 |   315 |   259 ||  2785
       Repelled          |       |       |       |       |       |       |       |     2 |    14 ||    16
Block: Other             |       |     4 |   103 |    80 |       |       |       |       |       ||   187
       Reflection        |       |     1 |     5 |    10 |     7 |   105 |   113 |    20 |    14 ||   275
       Buckler           |       |       |       |   124 |   499 |       |       |       |       ||   623
       Kite shield       |       |       |       |       |   111 |  1171 |  1652 |  1052 |   770 ||  4756

Table legend: (Time is in decaauts)
 A = Elapsed time spent in this place.
 B = Non-inter-level travel time spent in this place.
 C = Inter-level travel time spent in this place.
 D = Time resting spent in this place.
 E = Time spent auto-exploring this place.
 F = Levels seen in this place.
 G = Mean time per level.
                   A        B        C        D        E       F      G
               +--------+--------+--------+--------+--------+-----+--------+
         Total |  81680 |  78025 |   3655 |  18933 |  45069 |  56 | 1458.6 |
       Dungeon |  19789 |  18558 |   1231 |   3628 |  11756 |  15 | 1319.3 |
        Temple |    304 |    304 |      0 |    278 |      0 |   1 |  304.0 |
          Lair |   8852 |   8398 |    454 |   2050 |   5031 |   6 | 1475.3 |
        Shoals |   7063 |   6937 |    126 |   1793 |   4106 |   4 | 1765.8 |
     Snake Pit |   4259 |   4105 |    154 |    238 |   3203 |   4 | 1064.8 |
  Orcish Mines |   2806 |   2586 |    220 |    608 |   1398 |   2 | 1403.0 |
   Elven Halls |   8196 |   7781 |    415 |   2346 |   4035 |   3 | 2732.0 |
        Vaults |  12838 |  12202 |    636 |   2614 |   7156 |   5 | 2567.6 |
        Depths |   7744 |   7356 |    388 |    866 |   5207 |   4 | 1936.0 |
           Zot |   4058 |   4031 |     27 |   1946 |   1545 |   3 | 1352.7 |
         Abyss |   1178 |   1178 |      0 |    448 |    381 |   2 |  589.0 |
        Bazaar |    295 |    295 |      0 |      0 |    287 |   1 |  295.0 |
         Trove |     51 |     51 |      0 |      0 |      0 |   1 |   51.0 |
       Ossuary |    341 |    341 |      0 |      0 |    173 |   1 |  341.0 |
        Bailey |   1577 |   1577 |      0 |    801 |    429 |   1 | 1577.0 |
      Ice Cave |   1380 |   1380 |      0 |    846 |    182 |   1 | 1380.0 |
       Volcano |    667 |    667 |      0 |    469 |      0 |   1 |  667.0 |
        Wizlab |    275 |    275 |      0 |      0 |    178 |   1 |  275.0 |
               +--------+--------+--------+--------+--------+-----+--------+

Top non-repeatable levels by time:
Vaults:4: 3801 daAuts
   Elf:2: 2869 daAuts
   Elf:3: 2812 daAuts
Vaults:2: 2772 daAuts
Shoals:3: 2563 daAuts
Depths:3: 2551 daAuts
Vaults:3: 2545 daAuts
   Elf:1: 2514 daAuts
   Zot:1: 2472 daAuts
Vaults:1: 2128 daAuts
Depths:4: 2072 daAuts
    D:11: 2047 daAuts
  Lair:4: 1892 daAuts
     D:8: 1884 daAuts
     D:4: 1790 daAuts
